[Event "Summer Chess Classic-A 2022"]
[Site "Saint Louis"]
[Date "2022.06.10"]
[Round "9.4"]
[White "Gledura, Benjamin"]
[Black "Oparin, Grigoriy"]
[Result "0-1"]
[ECO "D33"]
[WhiteElo "2644"]
[BlackElo "2685"]
[Annotator "TA"]
[PlyCount "102"]
[EventDate "2022.05.31"]
[EventType "tourn"]
[EventCountry "USA"]
[SourceTitle "playchess.com"]
[Source "ChessBase"]
[SourceQuality "1"]
[TimeControl "40/5400+30:1800+30"]

1. c4 Nf6 2. Nc3 c5 3. Nf3 e6 4. g3 d5 5. cxd5 exd5 6. d4 Nc6 7. Bg2 cxd4 8. Nxd4 Bc5 9. Nxc6 bxc6 10. Na4 {[%emt 0:00:30] D33: Tarrasch Defence: 6 g3 sidelines.} Bb6 11. Qc2 {[%emt 0:00:29] [#]} Bd7 $146 ({Predecessor:} 11... O-O 12. Nxb6 axb6 13. O-O Bd7 14. b4 Re8 15. Be3 b5 16. Bd4 Qe7 17. e3 Qxb4 18. Bxf6 gxf6 {0-1 (36) Sunilduth Lyna,N (2611)-Firouzja,A (2702) chess24.com INT 2020}) 12. Nc5 {[%emt 0:07:32] The position is equal.} O-O 13. Nxd7 Qxd7 14. O-O Rfe8 15. a4 a5 16. Ra3 Rac8 17. Rb3 Ba7 18. e3 Ne4 19. Bd2 Nxd2 20. Qxd2 d4 21. Rd3 c5 22. Qxa5 c4 23. Rdd1 ({White should play} 23. Rd2 $1 $14) 23... d3 (23... Rc5 $5 24. Qd2 d3 $11) 24. Qb5 Qe7 25. a5 {[%emt 0:07:32] next b3 is good for White.} Rc5 26. Qa4 {[%emt 0:00:16] White wants to play b3.} Rb8 {[%emt 0:02:04] Prevents b3.} 27. Rd2 h5 28. Rc1 Qe6 29. a6 Rb6 30. Bb7 Rd6 (30... Rbb5 $11) 31. Qd1 (31. Qb4 $1 $16) 31... h4 $1 $11 32. Qf3 Re5 (32... h3 $11) 33. Re1 ({White should try} 33. gxh4 $16 Rb6 34. Qf4) 33... g6 {[%emt 0:03:09][%mdl 1024] Black has compensation.} 34. Kg2 {[%emt 0:01:57] Black keeps a firm grip on the game.} (34. gxh4 $11 {remains equal.} Rd4 35. exd4 Rxe1+ 36. Kg2) 34... h3+ $1 $17 35. Kf1 Qe7 36. Qg4 {[%emt 0:01:58] [#]} Rf6 $1 {[%emt 0:00:13][%cal Ra7e3] ...Bxe3 is the strong threat.} 37. Qxc4 Rxe3 {[%emt 0:01:46][%csl Ge7][%cal Re3e1] Chess con chili.} 38. Qc1 (38. Be4) 38... Rxe1+ 39. Qxe1 Qc5 40. b3 Qd4 41. Bc8 Kg7 42. Bb7 Bc5 43. Be4 Re6 (43... Bb6 $142 {aiming for ...Ba7.} 44. Bxd3 (44. Rxd3 Rxf2+ 45. Kg1 Rg2+ 46. Kh1 Rg1+) 44... Re6) 44. Rxd3 $19 Rxe4 $40 {[%emt 0:02:06][%mdl 128] Black has strong attack.} ({Not} 44... Qxe4 45. Qxe4 Rxe4 46. Rd5 $17 (46. Rd7 $2 Re6 $19)) 45. Qc3 ({Much weaker is} 45. Rxd4 Rxe1+ 46. Kxe1 Bxd4) 45... Qxc3 46. Rxc3 {[%emt 0:00:01][%mdl 4096] Endgame [#] KRB-KR} Bb6 47. Rc6 $2 (47. Rc8) 47... Re6 48. Rxe6 (48. Rc4 $142 Ba7 49. Rc2) 48... fxe6 49. f4 g5 {[%emt 0:04:14] Black mates.} 50. fxg5 e5 51. Ke2 e4 {[%emt 0:00:04] Weighted Error Value: White=0.78/Black=0.23 (precise)} 0-1